AoeStats
← AiM | CyclopsTron

African Clearing

504149719Analyzed
4v4 RM · 28d ago on Sep 4, 2026· 11m 46s· 8 players
Game mode
Random Map
Map size
Large (8 player)
Population
200
Speed
Normal
Resources
Standard
Victory
Conquest
Starting age
Dark Age
Ending age
Imperial Age
RankedLock teamsTeams togetherTeam positionsShared explorationLock speedFull tech treeHidden civsTurbo modeCheats
Victory
Defeat
🇲🇽 Spanish · Mexico
1664
+7
🇨🇱 Bulgarians · Chile
1553
+11
🇨🇱 Huns · Chile
1491
+14
🇦🇷 Magyars · Argentina
1490
+14
🇨🇳 Huns · China
1510
-14
🇲🇽 Mongols · Mexico
1470
-12
🇯🇵 Japanese · Japan
1435
-11
🇨🇳 Dravidians · China
1382
-9
MZTK | Proyecto Maztek
2:50 Loom
Keishi
6:41 Loom
8:44 Loom
虎!虎!虎!
7:46 Loom
野象
AiM | CyclopsTron
3:39 Loom
4:02 Loom
13:22 Feudal Age
AiM | Facu1414
9:19 Loom
12:04 Feudal Age
AiM | Ogazjoker
9:00 Loom
11:59 Feudal Age
AiM | Shuffle
8:51 Loom
12:05 Feudal Age
Connection lost

Rejoining the realm…

Still unreachable

The connection could not be restored.

Session expired

The server has moved on; the page needs a fresh start.